[ AOE2 MATCH · #481470673 ]
UnrankedEthiopians vs Huns
[ REPLAY ANALYSIS · EXTRACTED FROM THE RECORDED GAME ]
Feudal
15:06
Castle
18:49
Imperial
47:38
| APM avg | 31.1 |
| APM peak | 64 |
| eAPM avg | 16.4 |
| Villagers / military | 150 / 149 |
Focus
⚔️ 30.6% · 🌾 69.4%
Archer ×124 · Fishing Ship ×17 · Knight ×13 · Galley ×6 · Battering Ram ×4 · Spearman ×2
Feudal
16:02
Castle
20:00
Imperial
28:55
| APM avg | 34.1 |
| APM peak | 107 |
| eAPM avg | 19.0 |
| Villagers / military | 103 / 5 |
Focus
⚔️ 33.2% · 🌾 66.8%
Unknown (2562) ×25 · Fishing Ship ×20 · Trebuchet (Packed) ×5
Feudal
14:03
Castle
18:17
Imperial
35:38
| APM avg | 44.3 |
| APM peak | 87 |
| eAPM avg | 22.0 |
| Villagers / military | 172 / 134 |
Focus
⚔️ 31.7% · 🌾 68.3%
Knight ×124 · Fishing Ship ×9 · Trebuchet (Packed) ×4 · Cavalry Archer ×3 · Monk ×1 · Fire Galley ×1
Feudal
12:29
Castle
17:52
Imperial
—
| APM avg | 45.5 |
| APM peak | 109 |
| eAPM avg | 20.9 |
| Villagers / military | 153 / 74 |
Focus
⚔️ 32.1% · 🌾 67.9%
Conquistador ×43 · Spearman ×26 · Fishing Ship ×6 · Scout Cavalry ×3 · Knight ×1 · Missionary ×1
Feudal
14:14
Castle
24:53
Imperial
40:27
| APM avg | 32.8 |
| APM peak | 68 |
| eAPM avg | 17.8 |
| Villagers / military | 107 / 164 |
Focus
⚔️ 46.2% · 🌾 53.8%
Fire Lancer ×111 · Fire Galley ×28 · Galley ×23 · Fishing Ship ×10 · Unknown (2626) ×7 · Trebuchet (Packed) ×2
Feudal
—
Castle
—
Imperial
—
| APM avg | 23.8 |
| APM peak | 49 |
| eAPM avg | 12.8 |
| Villagers / military | 96 / 82 |
Focus
⚔️ 30.5% · 🌾 69.5%
Genoese Crossbowman ×42 · Galley ×27 · Fishing Ship ×12 · Unknown (2626) ×11 · Demolition Raft ×8 · Fire Galley ×5
Feudal
14:29
Castle
18:17
Imperial
49:05
| APM avg | 47.9 |
| APM peak | 125 |
| eAPM avg | 23.1 |
| Villagers / military | 122 / 291 |
Focus
⚔️ 41.0% · 🌾 59.0%
Skirmisher ×182 · Mangudai ×93 · Battering Ram ×8 · Fishing Ship ×6 · Archer ×5 · Mangonel ×3
Feudal
12:59
Castle
29:29
Imperial
—
| APM avg | 38.5 |
| APM peak | 97 |
| eAPM avg | 21.8 |
| Villagers / military | 87 / 84 |
Focus
⚔️ 30.7% · 🌾 69.3%
Scout Cavalry ×75 · Fishing Ship ×49 · Knight ×4 · Demolition Raft ×4 · Fire Galley ×1
Match map
Initial resources + every placement click. Lines = walls · curves = elevation contours. ◆ gold · ⬟ stone · ● berries · ✦ relic · ◌ wall gap
Your base· Open — unwalled flank
Lethe's base· Open — 4t gap
iloveboar's base· Open — unwalled flank
Caronte's base· Open — unwalled flank
LeosMind's base· Open — unwalled flank
LOMBANA FC3797's base· Open — unwalled flank
friend00792's base· Open — unwalled flank
叫我靓仔啊 扑街's base· Open — 8t gap
Smoothed initial terrain · ◌ = detected wall gap · hover for details
Inputs per minute
— marvinpalomino - - Lethe
Build order — marvinpalomino
First 150 of 368 actions detected
| 0:32 | Build | Town Center |
| 0:39 | Build | Dock |
| 1:22 | Build | Palisade Wall |
| 2:49 | Create | Villager (Male) |
| 2:49 | Create | Villager (Male) |
| 2:49 | Create | Villager (Male) |
| 2:50 | Create | Villager (Male) |
| 2:50 | Create | Villager (Male) |
| 2:54 | Build | House |
| 3:49 | Create | Fishing Ship |
| 4:12 | Build | House |
| 4:29 | Research | Loom |
| 4:47 | Create | Villager (Male) |
| 4:47 | Create | Villager (Male) |
| 5:20 | Create | Fishing Ship |
| 5:20 | Create | Fishing Ship |
| 5:26 | Create | Villager (Male) |
| 5:27 | Create | Villager (Male) |
| 5:50 | Create | Villager (Male) |
| 5:50 | Create | Villager (Male) |
| 6:09 | Create | Villager (Male) |
| 6:14 | Create | Fishing Ship |
| 6:36 | Build | House |
| 6:42 | Build | House |
| 6:45 | Create | Villager (Male) |
| 6:45 | Create | Villager (Male) |
| 7:02 | Create | Fishing Ship |
| 7:14 | Create | Villager (Male) |
| 7:23 | Build | House |
| 7:30 | Create | Villager (Male) |
| 7:30 | Create | Villager (Male) |
| 7:48 | Create | Villager (Male) |
| 7:48 | Create | Villager (Male) |
| 8:01 | Create | Villager (Male) |
| 8:01 | Create | Villager (Male) |
| 8:05 | Create | Fishing Ship |
| 8:26 | Create | Villager (Male) |
| 8:46 | Create | Fishing Ship |
| 8:49 | Create | Villager (Male) |
| 8:49 | Create | Villager (Male) |
| 9:12 | Build | House |
| 9:24 | Create | Fishing Ship |
| 10:01 | Build | Palisade Wall |
| 10:07 | Build | Dock |
| 10:10 | Create | Villager (Male) |
| 10:15 | Build | House |
| 10:25 | Create | Villager (Male) |
| 10:43 | Create | Fishing Ship |
| 10:44 | Create | Fishing Ship |
| 10:49 | Create | Fishing Ship |
| 11:02 | Create | Villager (Male) |
| 11:02 | Create | Villager (Male) |
| 11:19 | Create | Fishing Ship |
| 11:57 | Create | Fishing Ship |
| 11:58 | Create | Fishing Ship |
| 12:31 | Create | Villager (Male) |
| 12:33 | Build | Lumber Camp |
| 12:43 | Create | Fishing Ship |
| 12:44 | Create | Fishing Ship |
| 12:56 | Research | Feudal Age |
| 13:16 | Create | Fishing Ship |
| 13:46 | Build | Barracks |
| 14:00 | Build | House |
| 14:01 | Build | House |
| 14:22 | Build | Lumber Camp |
| 15:06 | Age | Feudal Age |
| 15:08 | Build | Archery Range |
| 15:11 | Build | Blacksmith |
| 15:13 | Build | Palisade Wall |
| 15:19 | Create | Villager (Male) |
| 15:19 | Create | Villager (Male) |
| 15:39 | Create | Galley |
| 15:39 | Create | Galley |
| 15:49 | Build | House |
| 16:05 | Research | Castle Age |
| 16:40 | Create | Archer |
| 16:42 | Build | Archery Range |
| 16:48 | Build | Palisade Gate |
| 16:57 | Create | Galley |
| 16:57 | Create | Galley |
| 17:10 | Research | Fletching |
| 17:26 | Create | Archer |
| 17:44 | Create | Archer |
| 17:44 | Create | Archer |
| 17:47 | Create | Galley |
| 17:47 | Create | Galley |
| 17:56 | Build | House |
| 17:59 | Build | House |
| 18:06 | Build | Palisade Gate |
| 18:11 | Build | Palisade Wall |
| 18:24 | Create | Archer |
| 18:24 | Create | Archer |
| 18:49 | Age | Castle Age |
| 18:49 | Create | Archer |
| 18:49 | Create | Archer |
| 18:52 | Research | Crossbowman (upgrade) |
| 18:56 | Create | Villager (Male) |
| 18:56 | Create | Villager (Male) |
| 19:24 | Build | Dock |
| 19:34 | Research | Thumb Ring |
| 19:35 | Create | Villager (Male) |
| 19:35 | Create | Villager (Male) |
| 19:58 | Create | Spearman |
| 19:59 | Create | Spearman |
| 20:14 | Create | Villager (Male) |
| 20:15 | Create | Archer |
| 20:16 | Create | Archer |
| 20:20 | Create | Archer |
| 20:52 | Create | Archer |
| 20:52 | Create | Archer |
| 20:54 | Create | Villager (Male) |
| 20:54 | Create | Villager (Male) |
| 20:57 | Build | Town Center |
| 21:02 | Create | Archer |
| 21:07 | Build | House |
| 21:17 | Create | Villager (Male) |
| 21:42 | Create | Archer |
| 21:43 | Create | Archer |
| 22:05 | Create | Archer |
| 22:11 | Create | Villager (Male) |
| 22:18 | Create | Archer |
| 22:18 | Create | Archer |
| 22:34 | Create | Archer |
| 22:35 | Create | Archer |
| 22:46 | Build | University |
| 22:50 | Build | Palisade Wall |
| 22:56 | Create | Villager (Male) |
| 22:56 | Create | Villager (Male) |
| 22:57 | Create | Villager (Male) |
| 22:57 | Create | Villager (Male) |
| 23:02 | Build | Outpost |
| 23:02 | Build | Outpost |
| 23:20 | Create | Villager (Male) |
| 23:23 | Create | Archer |
| 23:23 | Create | Archer |
| 23:24 | Create | Villager (Male) |
| 23:24 | Create | Villager (Male) |
| 23:32 | Research | Ballistics |
| 23:51 | Create | Archer |
| 23:51 | Create | Archer |
| 24:18 | Build | House |
| 24:19 | Build | House |
| 24:19 | Build | House |
| 24:21 | Build | Lumber Camp |
| 24:30 | Create | Villager (Male) |
| 24:30 | Create | Villager (Male) |
| 24:34 | Build | House |
| 24:35 | Build | House |
| 24:42 | Build | Siege Workshop |
| 24:47 | Create | Archer |
Build order — Lethe
First 150 of 235 actions detected
| 0:04 | Build | Dock |
| 0:31 | Build | Town Center |
| 1:12 | Build | House |
| 3:06 | Create | Villager (Male) ×5 |
| 3:06 | Create | Villager (Male) ×5 |
| 3:33 | Build | House |
| 5:05 | Create | Villager (Male) |
| 5:14 | Build | Settlement |
| 5:22 | Build | Settlement |
| 5:29 | Build | House |
| 5:32 | Create | Villager (Male) |
| 6:13 | Create | Fishing Ship |
| 6:21 | Create | Villager (Male) |
| 6:22 | Create | Villager (Male) |
| 6:40 | Create | Villager (Male) |
| 7:07 | Create | Villager (Male) |
| 7:11 | Create | Fishing Ship |
| 7:43 | Create | Villager (Male) |
| 7:43 | Create | Villager (Male) |
| 7:44 | Create | Fishing Ship |
| 8:14 | Build | House |
| 8:15 | Build | House |
| 8:18 | Create | Villager (Male) |
| 8:56 | Create | Villager (Male) |
| 9:05 | Build | Settlement |
| 9:32 | Create | Villager (Male) |
| 9:33 | Create | Villager (Male) |
| 9:39 | Create | Fishing Ship |
| 9:54 | Build | Dock |
| 10:06 | Create | Villager (Male) |
| 10:22 | Create | Villager (Male) |
| 11:02 | Create | Villager (Male) |
| 11:04 | Research | Loom |
| 11:08 | Create | Fishing Ship |
| 11:09 | Create | Fishing Ship |
| 11:19 | Build | House |
| 11:20 | Build | House |
| 11:54 | Create | Villager (Male) |
| 12:02 | Build | Farm |
| 12:03 | Build | Farm |
| 12:03 | Build | Farm |
| 12:11 | Create | Fishing Ship |
| 12:11 | Create | Fishing Ship |
| 12:15 | Build | House |
| 12:32 | Create | Villager (Male) |
| 12:53 | Create | Villager (Male) |
| 12:54 | Create | Fishing Ship |
| 12:54 | Create | Fishing Ship |
| 13:22 | Create | Villager (Male) |
| 13:27 | Build | Farm |
| 13:40 | Create | Fishing Ship |
| 13:40 | Create | Fishing Ship |
| 13:52 | Research | Feudal Age |
| 14:19 | Build | Settlement |
| 14:27 | Create | Villager (Male) |
| 14:55 | Create | Fishing Ship |
| 14:55 | Create | Fishing Ship |
| 15:30 | Build | Palisade Wall |
| 15:32 | Build | Palisade Wall |
| 15:37 | Build | Palisade Wall |
| 15:44 | Build | Palisade Wall |
| 15:45 | Build | Palisade Wall |
| 15:48 | Build | House |
| 16:02 | Age | Feudal Age |
| 16:17 | Build | Market |
| 16:50 | Build | Blacksmith |
| 17:20 | Research | Castle Age |
| 18:04 | Build | Settlement |
| 20:00 | Age | Castle Age |
| 20:32 | Build | Town Center |
| 20:36 | Build | Palisade Wall |
| 20:43 | Build | Palisade Wall |
| 20:45 | Build | Palisade Wall |
| 21:41 | Build | Castle |
| 21:46 | Create | Villager (Male) |
| 21:49 | Create | Villager (Male) |
| 22:04 | Create | Villager (Male) |
| 22:08 | Create | Villager (Male) |
| 22:11 | Create | Villager (Male) |
| 22:42 | Build | Settlement |
| 22:50 | Research | Double-Bit Axe |
| 22:56 | Create | Villager (Male) |
| 22:58 | Research | Wheelbarrow |
| 23:21 | Create | Villager (Male) |
| 23:32 | Build | Farm |
| 23:38 | Research | Horse Collar |
| 25:45 | Research | Imperial Age |
| 26:16 | Build | Town Center |
| 26:47 | Build | Farm |
| 26:47 | Build | Farm |
| 26:47 | Build | Farm |
| 26:48 | Build | Farm |
| 26:55 | Build | Farm |
| 26:55 | Build | Farm |
| 26:59 | Create | Unit 2562 |
| 27:21 | Create | Villager (Male) |
| 27:27 | Research | Gold Mining |
| 27:55 | Build | University |
| 28:05 | Create | Fishing Ship |
| 28:06 | Create | Fishing Ship |
| 28:09 | Research | Tech 906 |
| 28:16 | Build | Farm |
| 28:17 | Build | Farm |
| 28:21 | Create | Villager (Male) |
| 28:23 | Create | Unit 2562 |
| 28:30 | Research | Fletching |
| 28:48 | Create | Unit 2562 |
| 28:55 | Age | Imperial Age |
| 28:57 | Create | Villager (Male) |
| 29:03 | Create | Villager (Male) |
| 29:03 | Create | Villager (Male) |
| 29:04 | Create | Unit 2562 |
| 29:07 | Create | Trebuchet (Packed) |
| 29:33 | Create | Villager (Male) |
| 29:51 | Create | Villager (Male) |
| 29:51 | Create | Villager (Male) |
| 29:54 | Create | Villager (Male) |
| 30:19 | Create | Unit 2562 |
| 30:23 | Research | Conscription |
| 30:39 | Create | Villager (Male) |
| 30:39 | Create | Villager (Male) |
| 30:52 | Create | Trebuchet (Packed) |
| 31:05 | Create | Villager (Male) |
| 31:05 | Create | Villager (Male) |
| 31:07 | Research | Bow Saw |
| 31:22 | Create | Villager (Male) |
| 31:22 | Create | Villager (Male) |
| 31:55 | Create | Villager (Male) |
| 31:55 | Create | Villager (Male) |
| 31:59 | Create | Villager (Male) |
| 32:02 | Research | Stone Mining |
| 32:08 | Research | Bodkin Arrow |
| 32:15 | Build | Farm |
| 32:15 | Build | Farm |
| 32:17 | Build | Farm |
| 32:20 | Build | Farm |
| 32:20 | Build | Farm |
| 32:27 | Build | Farm |
| 32:27 | Build | Farm |
| 32:29 | Create | Villager (Male) |
| 32:51 | Create | Villager (Male) |
| 32:51 | Create | Villager (Male) |
| 33:00 | Create | Villager (Male) |
| 33:11 | Research | Padded Archer Armor |
| 33:12 | Create | Villager (Male) |
| 33:31 | Create | Villager (Male) |
| 33:32 | Create | Unit 2562 |
| 33:32 | Create | Unit 2562 |
| 33:37 | Create | Trebuchet (Packed) |
| 33:52 | Create | Villager (Male) |
Build order — iloveboar
First 150 of 505 actions detected
| 0:38 | Build | Town Center |
| 2:57 | Research | Loom |
| 3:04 | Create | Villager (Male) |
| 3:04 | Create | Villager (Male) |
| 3:04 | Create | Villager (Male) |
| 3:05 | Create | Villager (Male) |
| 3:05 | Create | Villager (Male) |
| 4:45 | Create | Villager (Male) |
| 4:45 | Create | Villager (Male) |
| 5:04 | Create | Villager (Male) |
| 5:04 | Create | Villager (Male) |
| 5:31 | Create | Villager (Male) |
| 5:31 | Create | Villager (Male) |
| 6:11 | Create | Villager (Male) |
| 6:11 | Create | Villager (Male) |
| 6:11 | Create | Villager (Male) |
| 6:38 | Build | Dock |
| 6:47 | Create | Villager (Male) |
| 6:48 | Create | Villager (Male) |
| 7:11 | Create | Villager (Male) |
| 7:11 | Create | Villager (Male) |
| 7:28 | Create | Fishing Ship |
| 7:41 | Create | Villager (Male) |
| 7:41 | Create | Villager (Male) |
| 8:03 | Create | Fishing Ship |
| 8:49 | Create | Villager (Male) |
| 8:52 | Create | Villager (Male) |
| 8:53 | Create | Fishing Ship |
| 9:07 | Build | Lumber Camp |
| 9:26 | Create | Villager (Male) |
| 9:26 | Create | Villager (Male) |
| 9:27 | Create | Villager (Male) |
| 9:35 | Create | Fishing Ship |
| 10:07 | Create | Fishing Ship |
| 10:31 | Create | Villager (Male) |
| 10:31 | Create | Villager (Male) |
| 11:06 | Create | Fishing Ship |
| 11:23 | Create | Villager (Male) |
| 11:23 | Create | Villager (Male) |
| 11:23 | Create | Villager (Male) |
| 11:24 | Create | Villager (Male) |
| 11:36 | Build | Mining Camp |
| 11:48 | Create | Villager (Male) |
| 11:52 | Research | Feudal Age |
| 11:52 | Research | Feudal Age |
| 11:53 | Research | Feudal Age |
| 11:54 | Research | Feudal Age |
| 11:57 | Create | Fishing Ship |
| 12:46 | Build | Barracks |
| 13:27 | Create | Villager (Male) |
| 13:28 | Create | Villager (Male) |
| 14:03 | Age | Feudal Age |
| 14:06 | Build | Blacksmith |
| 14:09 | Build | Palisade Wall |
| 14:28 | Build | Blacksmith |
| 14:32 | Build | Stable |
| 14:49 | Build | Mill |
| 15:00 | Create | Fishing Ship |
| 15:12 | Create | Villager (Male) |
| 15:26 | Research | Castle Age |
| 15:26 | Research | Castle Age |
| 15:48 | Create | Scout Cavalry |
| 16:08 | Create | Villager (Male) |
| 16:19 | Research | Double-Bit Axe |
| 16:23 | Research | Horse Collar |
| 16:23 | Research | Horse Collar |
| 16:24 | Research | Horse Collar |
| 16:25 | Research | Gold Mining |
| 16:25 | Research | Gold Mining |
| 17:09 | Build | Stable |
| 18:00 | Create | Villager (Male) |
| 18:04 | Research | Scale Barding Armor |
| 18:16 | Build | Archery Range |
| 18:17 | Age | Castle Age |
| 18:24 | Create | Knight |
| 18:25 | Create | Knight |
| 18:43 | Create | Villager (Male) |
| 18:46 | Create | Knight |
| 18:50 | Research | Forging |
| 18:50 | Research | Forging |
| 19:17 | Create | Villager (Male) |
| 19:18 | Create | Villager (Male) |
| 19:27 | Create | Cavalry Archer |
| 19:28 | Create | Cavalry Archer |
| 19:48 | Create | Villager (Male) |
| 20:06 | Create | Villager (Male) |
| 20:12 | Build | Town Center |
| 20:14 | Create | Villager (Male) |
| 20:27 | Create | Villager (Male) |
| 20:48 | Research | Fletching |
| 20:48 | Research | Fletching |
| 20:51 | Create | Cavalry Archer |
| 20:52 | Create | Villager (Male) |
| 21:08 | Create | Villager (Male) |
| 21:11 | Create | Villager (Male) |
| 21:12 | Create | Villager (Male) |
| 21:19 | Research | Husbandry |
| 21:30 | Create | Villager (Male) |
| 21:40 | Create | Villager (Male) |
| 21:44 | Build | Town Center |
| 21:48 | Create | Villager (Male) |
| 21:56 | Create | Villager (Male) |
| 22:03 | Create | Villager (Male) |
| 22:25 | Create | Villager (Male) |
| 22:27 | Create | Villager (Male) |
| 22:40 | Create | Villager (Male) |
| 22:45 | Create | Villager (Male) |
| 22:48 | Build | Farm |
| 23:05 | Create | Villager (Male) |
| 23:17 | Create | Villager (Male) |
| 23:33 | Create | Villager (Male) |
| 23:41 | Build | Mining Camp |
| 23:41 | Create | Villager (Male) |
| 23:46 | Create | Fishing Ship |
| 23:55 | Create | Villager (Male) |
| 24:02 | Build | Farm |
| 24:09 | Create | Villager (Male) |
| 24:13 | Research | Wheelbarrow |
| 24:14 | Research | Wheelbarrow |
| 24:17 | Build | Farm |
| 24:17 | Build | Farm |
| 24:22 | Build | Farm |
| 24:24 | Build | Farm |
| 24:24 | Build | Farm |
| 24:24 | Build | Farm |
| 24:24 | Build | Farm |
| 24:42 | Create | Villager (Male) |
| 24:56 | Create | Villager (Male) |
| 24:59 | Create | Villager (Male) |
| 25:03 | Build | Farm |
| 25:03 | Build | Farm |
| 25:03 | Build | Farm |
| 25:04 | Build | Farm |
| 25:04 | Build | Farm |
| 25:04 | Build | Farm |
| 25:04 | Build | Farm |
| 25:04 | Build | Farm |
| 25:07 | Build | Farm |
| 25:07 | Build | Farm |
| 25:08 | Build | Farm |
| 25:08 | Build | Farm |
| 25:08 | Build | Farm |
| 25:08 | Build | Farm |
| 25:08 | Build | Farm |
| 25:09 | Build | Farm |
| 25:09 | Build | Farm |
| 25:10 | Build | Farm |
| 25:31 | Create | Villager (Male) |
| 26:02 | Create | Villager (Male) |
| 26:05 | Build | Farm |
Build order — Caronte
First 150 of 420 actions detected
| 0:05 | Build | Town Center |
| 1:55 | Build | Dock |
| 1:57 | Build | House |
| 2:28 | Create | Villager (Male) |
| 2:28 | Create | Villager (Male) |
| 2:29 | Create | Villager (Male) |
| 2:29 | Create | Villager (Male) |
| 2:29 | Create | Villager (Male) |
| 2:51 | Build | Palisade Wall |
| 2:53 | Build | Palisade Wall |
| 2:56 | Build | Palisade Wall |
| 3:01 | Build | Palisade Wall |
| 3:03 | Build | Palisade Wall |
| 3:44 | Create | Fishing Ship |
| 3:44 | Create | Fishing Ship |
| 4:07 | Research | Loom |
| 4:12 | Build | House |
| 4:26 | Create | Villager (Male) |
| 4:27 | Create | Villager (Male) |
| 4:51 | Create | Villager (Male) |
| 5:13 | Create | Villager (Male) |
| 5:38 | Create | Villager (Male) |
| 5:38 | Create | Villager (Male) |
| 5:52 | Create | Villager (Male) |
| 5:55 | Build | House |
| 6:06 | Build | House |
| 6:18 | Build | House |
| 6:22 | Create | Villager (Male) |
| 6:32 | Create | Villager (Male) |
| 6:34 | Create | Fishing Ship |
| 6:58 | Create | Villager (Male) |
| 6:58 | Create | Villager (Male) |
| 6:58 | Create | Villager (Male) |
| 7:38 | Build | House |
| 7:44 | Build | House |
| 7:55 | Create | Villager (Male) |
| 7:59 | Create | Fishing Ship |
| 8:05 | Build | House |
| 8:15 | Create | Villager (Male) |
| 8:26 | Create | Villager (Male) |
| 8:48 | Build | House |
| 8:49 | Create | Fishing Ship |
| 9:30 | Build | Mill |
| 9:39 | Create | Villager (Male) |
| 9:47 | Build | House |
| 9:49 | Create | Villager (Male) |
| 10:17 | Research | Feudal Age |
| 10:47 | Create | Fishing Ship |
| 11:27 | Build | House |
| 11:45 | Build | House |
| 11:51 | Create | Villager (Male) |
| 11:56 | Build | Mining Camp |
| 12:10 | Create | Villager (Male) |
| 12:29 | Age | Feudal Age |
| 12:34 | Build | Outpost |
| 12:37 | Build | Outpost |
| 12:39 | Build | Outpost |
| 12:41 | Build | Outpost |
| 12:46 | Create | Villager (Male) |
| 13:08 | Build | Barracks |
| 13:27 | Build | House |
| 13:32 | Create | Villager (Male) |
| 14:13 | Build | Stable |
| 14:20 | Research | Town Watch |
| 14:48 | Build | Blacksmith |
| 14:55 | Create | Scout Cavalry |
| 14:55 | Create | Scout Cavalry |
| 15:08 | Build | Outpost |
| 15:12 | Research | Castle Age |
| 15:12 | Research | Castle Age |
| 15:18 | Build | Mining Camp |
| 15:27 | Create | Villager (Male) |
| 15:29 | Create | Scout Cavalry |
| 16:23 | Build | House |
| 16:23 | Build | House |
| 16:50 | Build | Outpost |
| 17:52 | Age | Castle Age |
| 18:03 | Create | Villager (Male) |
| 18:04 | Create | Villager (Male) |
| 18:14 | Create | Knight |
| 18:31 | Build | Castle |
| 18:36 | Build | Mill |
| 18:42 | Create | Villager (Male) |
| 19:10 | Research | Husbandry |
| 19:13 | Create | Villager (Male) |
| 19:13 | Create | Villager (Male) |
| 19:51 | Create | Conquistador |
| 19:59 | Build | Mill |
| 20:01 | Create | Conquistador |
| 20:01 | Create | Conquistador |
| 20:01 | Create | Conquistador |
| 20:28 | Build | Farm |
| 20:29 | Build | Farm |
| 20:29 | Build | Farm |
| 20:29 | Build | Farm |
| 20:47 | Create | Conquistador |
| 20:47 | Create | Conquistador |
| 20:59 | Create | Conquistador |
| 21:58 | Create | Conquistador |
| 21:58 | Create | Conquistador |
| 21:59 | Create | Conquistador |
| 21:59 | Create | Conquistador |
| 21:59 | Create | Villager (Male) |
| 22:00 | Create | Villager (Male) |
| 22:00 | Create | Villager (Male) |
| 22:04 | Build | Town Center |
| 23:23 | Create | Conquistador |
| 23:23 | Create | Conquistador |
| 23:24 | Create | Villager (Male) |
| 23:24 | Create | Villager (Male) |
| 23:24 | Create | Villager (Male) |
| 23:25 | Create | Villager (Male) |
| 23:27 | Build | Town Center |
| 23:29 | Create | Villager (Male) |
| 24:49 | Build | Farm |
| 24:50 | Build | Farm |
| 24:50 | Build | Farm |
| 24:52 | Create | Villager (Male) |
| 24:52 | Create | Villager (Male) |
| 24:52 | Create | Villager (Male) |
| 24:53 | Create | Conquistador |
| 24:57 | Build | Market |
| 25:00 | Create | Conquistador |
| 25:01 | Create | Conquistador |
| 25:01 | Create | Conquistador |
| 25:48 | Build | Farm |
| 25:48 | Build | Farm |
| 25:51 | Research | Scale Barding Armor |
| 25:51 | Create | Conquistador |
| 25:58 | Create | Villager (Male) |
| 26:00 | Build | Farm |
| 26:00 | Build | Farm |
| 26:00 | Build | Farm |
| 26:01 | Build | Farm |
| 26:01 | Build | Farm |
| 26:01 | Build | Farm |
| 26:03 | Create | Villager (Male) |
| 26:03 | Create | Villager (Male) |
| 26:11 | Create | Villager (Male) |
| 26:11 | Create | Villager (Male) |
| 26:11 | Create | Villager (Male) |
| 26:34 | Create | Conquistador |
| 26:34 | Create | Conquistador |
| 26:57 | Create | Villager (Male) |
| 26:57 | Create | Villager (Male) |
| 26:58 | Create | Villager (Male) |
| 26:59 | Build | Palisade Wall |
| 27:01 | Build | Palisade Wall |
| 27:08 | Build | Farm |
| 27:08 | Build | Farm |
Build order — LeosMind
First 150 of 425 actions detected
| 0:12 | Build | Dock |
| 0:24 | Build | Town Center |
| 0:41 | Build | House |
| 2:46 | Create | Villager (Male) |
| 2:46 | Create | Villager (Male) |
| 2:46 | Create | Villager (Male) |
| 2:46 | Create | Villager (Male) |
| 2:47 | Create | Villager (Male) |
| 3:04 | Build | Palisade Wall |
| 3:05 | Build | Palisade Wall |
| 4:32 | Create | Villager (Male) |
| 4:47 | Build | Mill |
| 4:51 | Create | Fishing Ship |
| 5:12 | Build | House |
| 5:33 | Create | Villager (Male) |
| 6:16 | Create | Villager (Male) |
| 6:17 | Create | Villager (Male) |
| 6:18 | Create | Fishing Ship |
| 6:26 | Create | Villager (Male) |
| 6:52 | Create | Villager (Male) |
| 6:54 | Build | House |
| 7:47 | Create | Villager (Male) |
| 7:48 | Create | Fishing Ship |
| 7:51 | Build | House |
| 8:19 | Create | Villager (Male) |
| 8:35 | Research | Loom |
| 8:35 | Create | Villager (Male) |
| 8:40 | Create | Fishing Ship |
| 8:53 | Create | Villager (Male) |
| 9:14 | Create | Fishing Ship |
| 9:49 | Create | Villager (Male) |
| 10:14 | Create | Villager (Male) |
| 10:21 | Create | Fishing Ship |
| 10:26 | Build | House |
| 10:29 | Create | Villager (Male) |
| 10:35 | Build | Dock |
| 11:21 | Create | Fishing Ship |
| 11:21 | Create | Fishing Ship |
| 11:22 | Create | Villager (Male) |
| 11:51 | Build | Palisade Wall |
| 11:54 | Build | Palisade Wall |
| 12:04 | Research | Feudal Age |
| 12:13 | Create | Fishing Ship |
| 12:14 | Create | Fishing Ship |
| 12:56 | Build | Mining Camp |
| 13:15 | Build | House |
| 14:14 | Age | Feudal Age |
| 14:15 | Create | Galley |
| 14:15 | Create | Galley |
| 14:16 | Create | Villager (Male) |
| 14:42 | Build | Blacksmith |
| 14:44 | Create | Villager (Male) |
| 14:46 | Build | Farm |
| 14:54 | Create | Villager (Male) |
| 14:58 | Build | Farm |
| 15:00 | Build | Farm |
| 15:13 | Create | Galley |
| 15:13 | Create | Galley |
| 15:15 | Create | Villager (Male) |
| 15:18 | Build | House |
| 15:30 | Build | House |
| 15:33 | Research | Town Watch |
| 16:07 | Create | Galley |
| 16:07 | Create | Galley |
| 16:08 | Create | Villager (Male) |
| 16:11 | Build | House |
| 16:12 | Build | House |
| 16:12 | Build | House |
| 16:43 | Research | Fletching |
| 16:56 | Create | Galley |
| 16:56 | Create | Galley |
| 16:56 | Create | Galley |
| 16:58 | Create | Villager (Male) |
| 17:14 | Create | Villager (Male) |
| 17:52 | Create | Galley |
| 17:53 | Create | Galley |
| 17:53 | Create | Galley |
| 17:53 | Create | Galley |
| 18:13 | Create | Unit 2626 |
| 18:16 | Create | Villager (Male) |
| 18:18 | Create | Villager (Male) |
| 18:18 | Create | Villager (Male) |
| 18:20 | Build | Farm |
| 18:22 | Build | Farm |
| 18:27 | Create | Villager (Male) |
| 19:11 | Create | Unit 2626 |
| 19:11 | Create | Unit 2626 |
| 19:12 | Create | Villager (Male) |
| 19:13 | Create | Villager (Male) |
| 19:13 | Create | Villager (Male) |
| 19:15 | Build | House |
| 19:16 | Build | House |
| 19:20 | Create | Villager (Male) |
| 19:20 | Create | Villager (Male) |
| 19:35 | Create | Unit 2626 |
| 20:26 | Create | Unit 2626 |
| 20:26 | Create | Unit 2626 |
| 20:27 | Create | Villager (Male) |
| 20:32 | Build | House |
| 20:32 | Build | House |
| 20:57 | Create | Unit 2626 |
| 20:59 | Create | Villager (Male) |
| 21:18 | Build | Market |
| 22:12 | Research | Castle Age |
| 22:42 | Create | Galley |
| 22:43 | Create | Galley |
| 22:43 | Create | Galley |
| 23:04 | Build | Farm |
| 23:05 | Build | Farm |
| 23:06 | Build | Farm |
| 23:13 | Build | House |
| 23:38 | Build | Dock |
| 24:53 | Age | Castle Age |
| 24:57 | Research | War Galley (upgrade) |
| 25:15 | Research | Bodkin Arrow |
| 25:24 | Create | Fire Galley |
| 25:24 | Create | Fire Galley |
| 25:24 | Create | Fire Galley |
| 25:30 | Create | Villager (Male) |
| 25:30 | Create | Villager (Male) |
| 25:30 | Create | Villager (Male) |
| 25:31 | Create | Villager (Male) |
| 25:59 | Create | Galley |
| 25:59 | Create | Galley |
| 26:14 | Create | Villager (Male) |
| 26:14 | Create | Villager (Male) |
| 26:14 | Create | Villager (Male) |
| 26:14 | Create | Villager (Male) |
| 26:17 | Build | House |
| 26:18 | Build | House |
| 26:26 | Build | Lumber Camp |
| 26:47 | Create | Villager (Male) |
| 26:58 | Build | Town Center |
| 27:32 | Create | Fire Galley |
| 27:32 | Create | Fire Galley |
| 27:32 | Create | Fire Galley |
| 28:04 | Create | Fire Galley |
| 28:04 | Create | Fire Galley |
| 28:04 | Create | Fire Galley |
| 28:05 | Create | Fire Galley |
| 28:34 | Create | Villager (Male) |
| 28:34 | Create | Villager (Male) |
| 28:34 | Create | Villager (Male) |
| 28:35 | Create | Villager (Male) |
| 28:35 | Create | Villager (Male) |
| 28:43 | Build | Dock |
| 28:45 | Create | Villager (Male) |
| 28:45 | Create | Villager (Male) |
| 28:45 | Create | Villager (Male) |
| 28:48 | Research | Double-Bit Axe |
Build order — LOMBANA FC3797
First 150 of 276 actions detected
| 1:02 | Build | Town Center |
| 1:35 | Build | Palisade Wall |
| 2:09 | Build | Dock |
| 2:14 | Build | House |
| 3:42 | Create | Villager (Male) |
| 3:42 | Create | Villager (Male) |
| 3:42 | Create | Villager (Male) |
| 3:43 | Create | Villager (Male) |
| 3:43 | Create | Villager (Male) |
| 3:54 | Research | Loom |
| 3:55 | Create | Villager (Male) |
| 3:55 | Create | Villager (Male) |
| 3:55 | Create | Villager (Male) |
| 5:13 | Create | Fishing Ship |
| 5:59 | Create | Fishing Ship |
| 6:28 | Build | House |
| 6:37 | Create | Villager (Male) |
| 7:18 | Create | Fishing Ship |
| 7:18 | Create | Fishing Ship |
| 7:22 | Create | Villager (Male) |
| 7:56 | Build | House |
| 7:59 | Create | Villager (Male) |
| 8:06 | Create | Fishing Ship |
| 8:06 | Create | Fishing Ship |
| 8:35 | Create | Villager (Male) |
| 8:35 | Create | Villager (Male) |
| 8:51 | Create | Villager (Male) |
| 9:18 | Create | Fishing Ship |
| 9:18 | Create | Fishing Ship |
| 9:19 | Create | Fishing Ship |
| 9:25 | Create | Villager (Male) |
| 9:26 | Create | Villager (Male) |
| 9:26 | Create | Villager (Male) |
| 9:26 | Create | Villager (Male) |
| 9:36 | Build | House |
| 9:38 | Build | House |
| 9:44 | Create | Villager (Male) |
| 10:17 | Create | Villager (Male) |
| 10:17 | Create | Villager (Male) |
| 10:44 | Create | Villager (Male) |
| 10:59 | Create | Fishing Ship |
| 10:59 | Create | Fishing Ship |
| 11:24 | Build | Mining Camp |
| 11:26 | Create | Villager (Male) |
| 11:59 | Create | Fishing Ship |
| 12:00 | Create | Villager (Male) |
| 12:20 | Research | Feudal Age |
| 13:02 | Build | Dock |
| 13:26 | Build | House |
| 13:27 | Build | House |
| 13:28 | Build | House |
| 13:30 | Build | House |
| 13:35 | Create | Villager (Male) |
| 14:36 | Create | Unit 2626 |
| 14:36 | Create | Unit 2626 |
| 14:36 | Create | Unit 2626 |
| 14:55 | Build | Lumber Camp |
| 15:00 | Create | Villager (Male) |
| 15:09 | Create | Unit 2626 |
| 15:09 | Create | Unit 2626 |
| 15:22 | Create | Villager (Male) |
| 15:23 | Create | Villager (Male) |
| 15:30 | Create | Unit 2626 |
| 15:30 | Create | Unit 2626 |
| 15:58 | Create | Unit 2626 |
| 15:58 | Create | Unit 2626 |
| 16:08 | Create | Villager (Male) |
| 16:08 | Create | Villager (Male) |
| 16:11 | Research | Double-Bit Axe |
| 16:24 | Create | Demolition Raft |
| 16:45 | Build | House |
| 16:45 | Build | House |
| 17:05 | Create | Fire Galley |
| 17:05 | Create | Fire Galley |
| 17:05 | Create | Fire Galley |
| 17:10 | Create | Villager (Male) |
| 17:11 | Create | Villager (Male) |
| 17:53 | Create | Fire Galley |
| 18:08 | Create | Villager (Male) |
| 18:09 | Create | Villager (Male) |
| 18:21 | Create | Demolition Raft |
| 18:24 | Create | Villager (Male) |
| 18:25 | Create | Villager (Male) |
| 18:33 | Build | Lumber Camp |
| 18:37 | Build | Blacksmith |
| 18:43 | Build | Mill |
| 20:02 | Create | Demolition Raft |
| 20:16 | Create | Demolition Raft |
| 20:30 | Build | Market |
| 20:31 | Create | Villager (Male) |
| 20:32 | Create | Villager (Male) |
| 20:36 | Build | Mining Camp |
| 20:49 | Create | Demolition Raft |
| 20:49 | Create | Demolition Raft |
| 20:59 | Create | Fire Galley |
| 22:18 | Create | Demolition Raft |
| 22:38 | Research | Castle Age |
| 22:50 | Build | Dock |
| 22:53 | Build | Dock |
| 23:03 | Create | Galley |
| 23:03 | Create | Galley |
| 23:09 | Create | Galley |
| 23:10 | Create | Galley |
| 23:18 | Research | Fletching |
| 23:56 | Create | Galley |
| 23:56 | Create | Galley |
| 24:31 | Create | Galley |
| 24:32 | Create | Galley |
| 25:06 | Create | Galley |
| 25:13 | Create | Demolition Raft |
| 25:23 | Research | War Galley (upgrade) |
| 25:58 | Create | Galley |
| 25:59 | Create | Galley |
| 26:25 | Create | Villager (Male) |
| 26:25 | Create | Villager (Male) |
| 26:25 | Create | Villager (Male) |
| 27:10 | Create | Galley |
| 27:11 | Create | Galley |
| 27:17 | Create | Villager (Male) |
| 27:57 | Create | Galley |
| 27:57 | Create | Galley |
| 27:57 | Create | Galley |
| 27:57 | Create | Galley |
| 28:29 | Create | Villager (Male) |
| 28:30 | Create | Villager (Male) |
| 28:39 | Build | Castle |
| 28:47 | Create | Unit 2626 |
| 28:49 | Create | Galley |
| 28:49 | Create | Galley |
| 28:50 | Create | Galley |
| 29:11 | Build | Lumber Camp |
| 30:27 | Create | Unit 2626 |
| 30:28 | Create | Galley |
| 30:28 | Create | Galley |
| 30:28 | Create | Galley |
| 30:29 | Create | Galley |
| 30:36 | Create | Villager (Male) |
| 30:36 | Create | Villager (Male) |
| 30:37 | Create | Villager (Male) |
| 30:37 | Create | Villager (Male) |
| 30:41 | Create | Genoese Crossbowman |
| 30:41 | Create | Genoese Crossbowman |
| 31:17 | Create | Galley |
| 31:17 | Create | Galley |
| 31:17 | Create | Galley |
| 31:22 | Create | Villager (Male) |
| 31:26 | Create | Genoese Crossbowman |
| 31:26 | Create | Genoese Crossbowman |
| 32:48 | Build | Farm |
| 32:49 | Build | Farm |
Build order — friend00792
First 150 of 469 actions detected
| 0:09 | Build | Town Center |
| 1:20 | Build | Dock |
| 1:30 | Build | House |
| 2:30 | Build | House |
| 2:32 | Create | Villager (Male) |
| 2:32 | Create | Villager (Male) |
| 2:58 | Create | Villager (Male) |
| 2:58 | Create | Villager (Male) |
| 3:59 | Create | Fishing Ship |
| 4:15 | Build | Palisade Wall |
| 4:24 | Create | Villager (Male) |
| 4:24 | Create | Villager (Male) |
| 4:26 | Build | House |
| 4:45 | Build | Palisade Wall |
| 4:48 | Build | Palisade Wall |
| 4:49 | Build | Palisade Wall |
| 4:57 | Build | Palisade Wall |
| 4:58 | Build | Palisade Wall |
| 5:08 | Build | Palisade Wall |
| 5:12 | Create | Villager (Male) |
| 5:13 | Research | Loom |
| 5:13 | Research | Loom |
| 5:33 | Build | Palisade Wall |
| 5:37 | Build | Palisade Wall |
| 5:42 | Create | Villager (Male) |
| 5:42 | Create | Villager (Male) |
| 5:43 | Create | Villager (Male) |
| 6:38 | Create | Villager (Male) |
| 6:55 | Create | Villager (Male) |
| 6:55 | Create | Villager (Male) |
| 6:55 | Create | Villager (Male) |
| 6:58 | Create | Fishing Ship |
| 6:59 | Build | House |
| 7:34 | Create | Villager (Male) |
| 7:34 | Create | Villager (Male) |
| 7:54 | Create | Villager (Male) |
| 7:54 | Create | Villager (Male) |
| 7:54 | Create | Villager (Male) |
| 8:00 | Create | Fishing Ship |
| 8:38 | Create | Villager (Male) |
| 8:47 | Build | House |
| 8:48 | Create | Fishing Ship |
| 9:10 | Create | Villager (Male) |
| 9:11 | Create | Fishing Ship |
| 9:36 | Create | Villager (Male) |
| 9:41 | Create | Villager (Male) |
| 9:53 | Build | House |
| 10:00 | Create | Fishing Ship |
| 11:00 | Build | Mill |
| 11:46 | Build | Mining Camp |
| 12:19 | Research | Feudal Age |
| 12:53 | Create | Villager (Male) |
| 13:43 | Build | Mining Camp |
| 14:29 | Age | Feudal Age |
| 14:36 | Build | Blacksmith |
| 14:38 | Build | Market |
| 14:48 | Build | Lumber Camp |
| 14:52 | Create | Villager (Male) |
| 15:30 | Build | House |
| 15:37 | Research | Castle Age |
| 15:37 | Research | Castle Age |
| 15:59 | Build | House |
| 16:02 | Research | Double-Bit Axe |
| 16:02 | Research | Double-Bit Axe |
| 16:39 | Build | House |
| 17:05 | Create | Villager (Male) |
| 17:23 | Research | Fletching |
| 17:23 | Research | Fletching |
| 17:57 | Build | Palisade Wall |
| 17:59 | Build | Palisade Wall |
| 18:01 | Build | Palisade Wall |
| 18:17 | Age | Castle Age |
| 18:20 | Research | Bow Saw |
| 18:21 | Research | Bow Saw |
| 18:21 | Create | Villager (Male) |
| 18:29 | Create | Villager (Male) |
| 18:36 | Build | Castle |
| 18:40 | Create | Villager (Male) |
| 18:51 | Build | Palisade Wall |
| 18:59 | Build | Palisade Wall |
| 19:18 | Create | Villager (Male) |
| 19:45 | Create | Mangudai |
| 19:46 | Create | Mangudai |
| 19:46 | Create | Mangudai |
| 19:56 | Create | Villager (Male) |
| 20:01 | Create | Villager (Male) |
| 20:11 | Create | Villager (Male) |
| 20:16 | Build | Town Center |
| 20:24 | Create | Mangudai |
| 20:30 | Create | Villager (Male) |
| 20:32 | Build | Farm |
| 20:33 | Build | Farm |
| 20:35 | Build | Farm |
| 20:37 | Build | Farm |
| 20:38 | Build | Farm |
| 20:56 | Create | Mangudai |
| 20:57 | Create | Villager (Male) |
| 20:59 | Create | Villager (Male) |
| 21:24 | Create | Mangudai |
| 21:29 | Create | Villager (Male) |
| 21:49 | Create | Mangudai |
| 21:59 | Create | Villager (Male) |
| 21:59 | Create | Villager (Male) |
| 22:00 | Build | Farm |
| 22:01 | Build | Farm |
| 22:01 | Build | Farm |
| 22:32 | Create | Mangudai |
| 22:34 | Create | Villager (Male) |
| 22:34 | Create | Villager (Male) |
| 22:35 | Build | Farm |
| 22:40 | Build | Farm |
| 22:42 | Build | Farm |
| 22:45 | Create | Mangudai |
| 23:01 | Create | Mangudai |
| 23:06 | Create | Villager (Male) |
| 23:06 | Create | Villager (Male) |
| 23:07 | Build | Farm |
| 23:39 | Create | Mangudai |
| 23:40 | Create | Villager (Male) |
| 23:41 | Create | Villager (Male) |
| 23:46 | Research | Horse Collar |
| 23:46 | Research | Horse Collar |
| 23:58 | Build | Farm |
| 23:59 | Build | Farm |
| 24:00 | Create | Villager (Male) |
| 24:00 | Create | Villager (Male) |
| 24:02 | Create | Mangudai |
| 24:02 | Create | Mangudai |
| 24:16 | Create | Mangudai |
| 24:17 | Create | Villager (Male) |
| 24:18 | Create | Villager (Male) |
| 24:29 | Create | Villager (Male) |
| 24:30 | Create | Villager (Male) |
| 24:43 | Build | Stone Wall |
| 24:46 | Build | Gate |
| 24:50 | Create | Mangudai |
| 24:52 | Create | Villager (Male) |
| 25:02 | Create | Villager (Male) |
| 25:11 | Build | University |
| 25:20 | Create | Mangudai |
| 25:22 | Create | Villager (Male) |
| 25:23 | Create | Villager (Male) |
| 25:42 | Create | Mangudai |
| 25:45 | Create | Villager (Male) |
| 25:46 | Build | Barracks |
| 26:06 | Research | Bodkin Arrow |
| 26:06 | Research | Bodkin Arrow |
| 26:18 | Create | Mangudai |
| 26:21 | Create | Villager (Male) |
| 26:21 | Create | Villager (Male) |
Build order — 叫我靓仔啊 扑街
First 150 of 281 actions detected
| 0:27 | Build | Town Center |
| 1:18 | Build | Dock |
| 2:46 | Create | Villager (Male) |
| 2:47 | Create | Villager (Male) |
| 2:47 | Create | Villager (Male) |
| 2:47 | Research | Loom |
| 2:50 | Create | Villager (Male) |
| 2:51 | Create | Villager (Male) |
| 2:51 | Create | Villager (Male) |
| 2:51 | Create | Villager (Male) |
| 3:55 | Build | House |
| 4:06 | Build | House |
| 4:11 | Create | Villager (Male) |
| 4:12 | Create | Villager (Male) |
| 5:30 | Create | Villager (Male) |
| 5:31 | Create | Villager (Male) |
| 5:42 | Build | Palisade Wall |
| 5:48 | Build | Palisade Wall |
| 5:57 | Build | Palisade Wall |
| 6:10 | Create | Villager (Male) |
| 6:10 | Create | Villager (Male) |
| 6:16 | Create | Villager (Male) |
| 6:43 | Create | Villager (Male) |
| 6:45 | Create | Villager (Male) |
| 6:46 | Create | Villager (Male) |
| 6:51 | Build | House |
| 7:00 | Create | Villager (Male) |
| 7:56 | Create | Villager (Male) |
| 8:27 | Create | Villager (Male) |
| 8:55 | Create | Villager (Male) |
| 9:10 | Build | Mill |
| 9:42 | Create | Villager (Male) |
| 9:42 | Create | Villager (Male) |
| 10:21 | Create | Fishing Ship |
| 10:49 | Research | Feudal Age |
| 10:49 | Research | Feudal Age |
| 11:07 | Create | Fishing Ship |
| 11:24 | Build | House |
| 12:29 | Build | Barracks |
| 12:40 | Create | Villager (Male) |
| 12:59 | Age | Feudal Age |
| 13:22 | Create | Villager (Male) |
| 13:40 | Create | Villager (Male) |
| 13:46 | Build | Stable |
| 14:02 | Create | Villager (Male) |
| 14:03 | Research | Town Watch |
| 14:33 | Create | Scout Cavalry |
| 14:33 | Create | Scout Cavalry |
| 14:33 | Create | Scout Cavalry |
| 14:41 | Build | Lumber Camp |
| 14:44 | Create | Villager (Male) |
| 14:45 | Create | Villager (Male) |
| 15:00 | Build | House |
| 15:41 | Build | Watch Tower |
| 15:43 | Create | Scout Cavalry |
| 15:44 | Create | Villager (Male) |
| 15:48 | Build | House |
| 16:09 | Create | Scout Cavalry |
| 16:18 | Build | House |
| 16:20 | Create | Scout Cavalry |
| 16:38 | Create | Scout Cavalry |
| 16:57 | Create | Villager (Male) |
| 16:59 | Create | Villager (Male) |
| 16:59 | Research | Wheelbarrow |
| 17:15 | Build | Farm |
| 17:18 | Build | Farm |
| 17:44 | Build | Blacksmith |
| 18:05 | Create | Scout Cavalry |
| 18:06 | Create | Villager (Male) |
| 18:18 | Create | Villager (Male) |
| 18:23 | Build | Farm |
| 18:25 | Build | House |
| 18:46 | Create | Villager (Male) |
| 19:05 | Create | Villager (Male) |
| 19:26 | Create | Scout Cavalry |
| 19:28 | Create | Scout Cavalry |
| 19:34 | Build | Farm |
| 19:52 | Create | Villager (Male) |
| 20:08 | Create | Scout Cavalry |
| 21:04 | Create | Villager (Male) |
| 21:16 | Create | Villager (Male) |
| 21:17 | Create | Scout Cavalry |
| 21:38 | Build | Farm |
| 21:39 | Build | Farm |
| 21:47 | Build | Market |
| 21:57 | Build | Mill |
| 22:20 | Build | Lumber Camp |
| 22:46 | Create | Demolition Raft |
| 22:46 | Create | Demolition Raft |
| 22:47 | Create | Demolition Raft |
| 23:14 | Create | Fishing Ship |
| 23:14 | Create | Fishing Ship |
| 23:14 | Create | Fishing Ship |
| 23:15 | Create | Fishing Ship |
| 23:15 | Create | Fishing Ship |
| 23:48 | Build | Palisade Gate |
| 23:51 | Build | Palisade Gate |
| 24:25 | Build | Lumber Camp |
| 24:26 | Create | Villager (Male) |
| 24:47 | Build | Watch Tower |
| 24:49 | Create | Villager (Male) |
| 25:06 | Build | Mining Camp |
| 25:08 | Create | Villager (Male) |
| 25:22 | Create | Fire Galley |
| 26:16 | Create | Fishing Ship |
| 26:49 | Research | Castle Age |
| 26:57 | Build | Watch Tower |
| 27:16 | Create | Scout Cavalry |
| 27:16 | Create | Scout Cavalry |
| 27:16 | Create | Scout Cavalry |
| 27:45 | Build | House |
| 27:47 | Build | House |
| 28:31 | Build | House |
| 28:55 | Build | House |
| 28:57 | Build | House |
| 29:29 | Age | Castle Age |
| 29:33 | Create | Knight |
| 30:23 | Create | Knight |
| 30:41 | Build | Town Center |
| 32:41 | Create | Villager (Male) |
| 32:41 | Create | Villager (Male) |
| 32:45 | Build | Farm |
| 32:48 | Build | House |
| 32:49 | Build | House |
| 32:50 | Build | House |
| 32:52 | Build | Palisade Wall |
| 32:57 | Build | Mill |
| 33:00 | Create | Villager (Male) |
| 33:42 | Create | Villager (Male) |
| 33:56 | Build | Farm |
| 34:13 | Create | Villager (Male) |
| 34:33 | Research | Tech 906 |
| 34:37 | Create | Demolition Raft |
| 34:43 | Create | Villager (Male) |
| 35:01 | Build | Dock |
| 35:14 | Create | Villager (Male) |
| 35:14 | Create | Villager (Male) |
| 35:18 | Build | Farm |
| 35:46 | Create | Villager (Male) |
| 35:52 | Build | Lumber Camp |
| 36:24 | Create | Villager (Male) |
| 36:41 | Create | Villager (Male) |
| 36:50 | Build | Stable |
| 37:38 | Build | Stable |
| 37:41 | Create | Villager (Male) |
| 37:42 | Create | Villager (Male) |
| 37:46 | Create | Knight |
| 37:46 | Create | Knight |
| 37:48 | Research | Husbandry |
| 37:49 | Create | Scout Cavalry |
Match timeline
| 0:04 | Lethe · first_building Dock |
| 0:12 | LeosMind · first_building Dock |
| 0:39 | marvinpalomino · first_building Dock |
| 1:18 | 叫我靓仔啊 扑街 · first_building Dock |
| 1:20 | friend00792 · first_building Dock |
| 1:22 | marvinpalomino · wall_segment Palisade Wall x1 |
| 1:35 | LOMBANA FC3797 · wall_segment Palisade Wall x2 |
| 1:55 | Caronte · first_building Dock |
| 2:09 | LOMBANA FC3797 · first_building Dock |
| 2:51 | Caronte · wall_segment Palisade Wall x1 |
| 2:53 | Caronte · wall_segment Palisade Wall x1 |
| 2:56 | Caronte · wall_segment Palisade Wall x1 |
| 3:01 | Caronte · wall_segment Palisade Wall x1 |
| 3:03 | Caronte · wall_segment Palisade Wall x1 |
| 3:04 | LeosMind · wall_segment Palisade Wall x1 |
| 3:05 | LeosMind · wall_segment Palisade Wall x1 |
| 4:15 | friend00792 · wall_segment Palisade Wall x1 |
| 4:45 | friend00792 · wall_segment Palisade Wall x1 |
| 4:48 | friend00792 · wall_segment Palisade Wall x1 |
| 4:49 | friend00792 · wall_segment Palisade Wall x1 |
| 4:57 | friend00792 · wall_segment Palisade Wall x1 |
| 4:58 | friend00792 · wall_segment Palisade Wall x1 |
| 5:08 | friend00792 · wall_segment Palisade Wall x1 |
| 5:33 | friend00792 · wall_segment Palisade Wall x1 |
| 5:37 | friend00792 · wall_segment Palisade Wall x1 |
| 5:42 | 叫我靓仔啊 扑街 · wall_segment Palisade Wall x1 |
| 5:48 | 叫我靓仔啊 扑街 · wall_segment Palisade Wall x1 |
| 5:57 | 叫我靓仔啊 扑街 · wall_segment Palisade Wall x1 |
| 6:38 | iloveboar · first_building Dock |
| 10:01 | marvinpalomino · wall_segment Palisade Wall x1 |
| 11:51 | LeosMind · wall_segment Palisade Wall x1 |
| 11:54 | LeosMind · wall_segment Palisade Wall x1 |
| 12:29 | Caronte · age_up feudal |
| 12:29 | 叫我靓仔啊 扑街 · first_building Barracks |
| 12:46 | iloveboar · first_building Barracks |
| 12:59 | 叫我靓仔啊 扑街 · age_up feudal |
| 13:08 | Caronte · first_building Barracks |
| 13:46 | 叫我靓仔啊 扑街 · first_building Stable |
| 13:46 | marvinpalomino · first_building Barracks |
| 14:03 | iloveboar · age_up feudal |
| 14:09 | iloveboar · wall_segment Palisade Wall x1 |
| 14:13 | Caronte · first_building Stable |
| 14:14 | LeosMind · age_up feudal |
| 14:29 | friend00792 · age_up feudal |
| 14:32 | iloveboar · first_building Stable |
| 15:06 | marvinpalomino · age_up feudal |
| 15:08 | marvinpalomino · first_building Archery Range |
| 15:13 | marvinpalomino · wall_segment Palisade Wall x8 |
| 15:30 | Lethe · wall_segment Palisade Wall x1 |
| 15:32 | Lethe · wall_segment Palisade Wall x1 |
| 15:37 | Lethe · wall_segment Palisade Wall x1 |
| 15:44 | Lethe · wall_segment Palisade Wall x1 |
| 15:45 | Lethe · wall_segment Palisade Wall x1 |
| 16:02 | Lethe · age_up feudal |
| 17:52 | Caronte · age_up castle |
| 17:57 | friend00792 · wall_segment Palisade Wall x1 |
| 17:59 | friend00792 · wall_segment Palisade Wall x1 |
| 18:01 | friend00792 · wall_segment Palisade Wall x1 |
| 18:11 | marvinpalomino · wall_segment Palisade Wall x1 |
| 18:11 | friend00792 · first_market_buy 100 stone |
| 18:16 | iloveboar · first_building Archery Range |
| 18:17 | friend00792 · age_up castle |
| 18:17 | iloveboar · age_up castle |
| 18:31 | Caronte · first_building Castle |
| 18:36 | friend00792 · first_building Castle |
| 18:49 | marvinpalomino · age_up castle |
| 18:51 | friend00792 · wall_segment Palisade Wall x1 |
| 18:59 | friend00792 · wall_segment Palisade Wall x1 |
| 19:33 | Lethe · first_market_sell 100 food |
| 19:35 | Lethe · first_market_buy 100 stone |
| 19:59 | friend00792 · first_market_sell 100 wood |
| 20:00 | Lethe · age_up castle |
| 20:36 | Lethe · wall_segment Palisade Wall x1 |
| 20:43 | Lethe · wall_segment Palisade Wall x1 |
| 20:45 | Lethe · wall_segment Palisade Wall x2 |
| 21:41 | Lethe · first_building Castle |
| 22:29 | LOMBANA FC3797 · first_market_buy 100 food |
| 22:36 | LOMBANA FC3797 · first_market_sell 100 wood |
| 22:50 | marvinpalomino · wall_segment Palisade Wall x6 |
| 23:34 | LeosMind · first_market_buy 100 wood |
| 24:36 | 叫我靓仔啊 扑街 · first_market_buy 100 stone |
| 24:42 | marvinpalomino · first_building Siege Workshop |
| 24:43 | friend00792 · wall_segment Stone Wall x8 |
| 24:53 | LeosMind · age_up castle |
| 25:46 | friend00792 · first_building Barracks |
| 25:57 | 叫我靓仔啊 扑街 · first_market_sell 100 wood |
| 26:13 | marvinpalomino · wall_segment Palisade Wall x14 |
| 26:59 | Caronte · wall_segment Palisade Wall x1 |
| 27:01 | Caronte · wall_segment Palisade Wall x1 |
| 27:02 | marvinpalomino · wall_segment Palisade Wall x12 |
| 27:04 | marvinpalomino · wall_segment Palisade Wall x11 |
| 27:16 | friend00792 · wall_segment Stone Wall x1 |
| 28:39 | LOMBANA FC3797 · first_building Castle |
| 28:55 | Lethe · age_up imperial |
| 29:02 | friend00792 · first_building Stable |
| 29:29 | 叫我靓仔啊 扑街 · age_up castle |
| 29:37 | Caronte · first_building Monastery |
| 30:40 | iloveboar · first_building Monastery |
| 31:13 | LeosMind · first_market_sell 100 food |
| 32:03 | iloveboar · first_building Castle |
| 32:52 | 叫我靓仔啊 扑街 · wall_segment Palisade Wall x1 |
| 33:44 | friend00792 · first_building Siege Workshop |
| 34:06 | iloveboar · first_market_buy 100 food |
| 34:13 | 叫我靓仔啊 扑街 · tribute_sent a jugador 1 |
| 34:13 | 叫我靓仔啊 扑街 · tribute_sent a jugador 2 |
| 34:13 | 叫我靓仔啊 扑街 · tribute_sent a jugador 3 |
| 34:13 | 叫我靓仔啊 扑街 · tribute_sent a jugador 4 |
| 34:13 | 叫我靓仔啊 扑街 · tribute_sent a jugador 5 |
| 34:13 | 叫我靓仔啊 扑街 · tribute_sent a jugador 6 |
| 34:13 | 叫我靓仔啊 扑街 · tribute_sent a jugador 7 |
| 35:05 | friend00792 · first_building Archery Range |
| 35:38 | iloveboar · age_up imperial |
| 35:45 | marvinpalomino · tribute_sent a jugador 1 |
| 35:45 | marvinpalomino · tribute_sent a jugador 2 |
| 35:45 | marvinpalomino · tribute_sent a jugador 3 |
| 35:45 | marvinpalomino · tribute_sent a jugador 4 |
| 35:45 | marvinpalomino · tribute_sent a jugador 5 |
| 35:45 | marvinpalomino · tribute_sent a jugador 6 |
| 35:45 | marvinpalomino · tribute_sent a jugador 8 |
| 36:32 | iloveboar · first_market_sell 500 wood |
| 36:34 | LeosMind · first_building Monastery |
| 36:39 | 叫我靓仔啊 扑街 · tribute_sent a jugador 1 |
| 36:39 | 叫我靓仔啊 扑街 · tribute_sent a jugador 2 |
| 36:39 | 叫我靓仔啊 扑街 · tribute_sent a jugador 3 |
| 36:39 | 叫我靓仔啊 扑街 · tribute_sent a jugador 4 |
| 36:39 | 叫我靓仔啊 扑街 · tribute_sent a jugador 5 |
| 36:39 | 叫我靓仔啊 扑街 · tribute_sent a jugador 6 |
| 36:39 | 叫我靓仔啊 扑街 · tribute_sent a jugador 7 |
| 36:55 | Caronte · first_market_buy 100 stone |
| 37:19 | Caronte · wall_segment Palisade Wall x1 |
| 37:39 | marvinpalomino · first_building Stable |
| 37:44 | LeosMind · first_building Barracks |
| 38:12 | LeosMind · first_building Castle |
| 38:25 | LeosMind · first_building Archery Range |
| 39:36 | Caronte · wall_segment Stone Wall x2 |
| 40:27 | LeosMind · age_up imperial |
| 41:08 | marvinpalomino · first_market_sell 100 food |
| 41:17 | marvinpalomino · first_market_buy 100 stone |
| 41:26 | marvinpalomino · first_building Castle |
| 41:57 | marvinpalomino · wall_segment Stone Wall x13 |
| 42:30 | LOMBANA FC3797 · wall_segment Stone Wall x3 |
| 42:42 | 叫我靓仔啊 扑街 · tribute_sent a jugador 1 |
| 42:42 | 叫我靓仔啊 扑街 · tribute_sent a jugador 2 |
| 42:42 | 叫我靓仔啊 扑街 · tribute_sent a jugador 3 |
| 42:42 | 叫我靓仔啊 扑街 · tribute_sent a jugador 4 |
| 42:42 | 叫我靓仔啊 扑街 · tribute_sent a jugador 5 |
| 42:42 | 叫我靓仔啊 扑街 · tribute_sent a jugador 6 |
| 42:42 | 叫我靓仔啊 扑街 · tribute_sent a jugador 7 |
| 43:22 | LeosMind · first_building Siege Workshop |
| 44:02 | iloveboar · tribute_sent a jugador 1 |
| 44:02 | iloveboar · tribute_sent a jugador 3 |
| 44:02 | iloveboar · tribute_sent a jugador 4 |
| 44:02 | iloveboar · tribute_sent a jugador 5 |
| 44:02 | iloveboar · tribute_sent a jugador 6 |
| 44:02 | iloveboar · tribute_sent a jugador 7 |
| 44:02 | iloveboar · tribute_sent a jugador 8 |
| 44:54 | iloveboar · tribute_sent a jugador 1 |
| 44:54 | iloveboar · tribute_sent a jugador 3 |
| 44:54 | iloveboar · tribute_sent a jugador 4 |
| 44:54 | iloveboar · tribute_sent a jugador 5 |
| 44:54 | iloveboar · tribute_sent a jugador 6 |
| 44:54 | iloveboar · tribute_sent a jugador 7 |
| 44:54 | iloveboar · tribute_sent a jugador 8 |
| 45:02 | 叫我靓仔啊 扑街 · tribute_sent a jugador 1 |
| 45:02 | 叫我靓仔啊 扑街 · tribute_sent a jugador 2 |
| 45:02 | 叫我靓仔啊 扑街 · tribute_sent a jugador 3 |
| 45:02 | 叫我靓仔啊 扑街 · tribute_sent a jugador 4 |
| 45:02 | 叫我靓仔啊 扑街 · tribute_sent a jugador 5 |
| 45:02 | 叫我靓仔啊 扑街 · tribute_sent a jugador 6 |
| 45:02 | 叫我靓仔啊 扑街 · tribute_sent a jugador 7 |
| 45:28 | marvinpalomino · wall_segment Stone Wall x13 |
| 45:31 | marvinpalomino · wall_segment Palisade Wall x1 |
| 45:32 | marvinpalomino · wall_segment Palisade Wall x1 |
| 45:35 | marvinpalomino · wall_segment Palisade Wall x5 |
| 46:20 | Lethe · resign |
| 46:46 | iloveboar · tribute_sent a jugador 1 |
| 46:46 | iloveboar · tribute_sent a jugador 3 |
| 46:46 | iloveboar · tribute_sent a jugador 4 |
| 46:46 | iloveboar · tribute_sent a jugador 5 |
| 46:46 | iloveboar · tribute_sent a jugador 6 |
| 46:46 | iloveboar · tribute_sent a jugador 7 |
| 46:46 | iloveboar · tribute_sent a jugador 8 |
| 46:48 | Caronte · wall_segment Stone Wall x1 |
| 46:51 | Caronte · wall_segment Stone Wall x1 |
| 46:53 | iloveboar · tribute_sent a jugador 1 |
| 46:53 | iloveboar · tribute_sent a jugador 3 |
| 46:53 | iloveboar · tribute_sent a jugador 4 |
| 46:53 | iloveboar · tribute_sent a jugador 5 |
| 46:53 | iloveboar · tribute_sent a jugador 6 |
| 46:53 | iloveboar · tribute_sent a jugador 7 |
| 46:53 | iloveboar · tribute_sent a jugador 8 |
| 47:38 | marvinpalomino · age_up imperial |
| 48:24 | marvinpalomino · wall_segment Stone Wall x1 |
| 48:30 | 叫我靓仔啊 扑街 · first_building Castle |
| 48:46 | 叫我靓仔啊 扑街 · tribute_sent a jugador 1 |
| 48:46 | 叫我靓仔啊 扑街 · tribute_sent a jugador 2 |
| 48:46 | 叫我靓仔啊 扑街 · tribute_sent a jugador 3 |
| 48:46 | 叫我靓仔啊 扑街 · tribute_sent a jugador 4 |
| 48:46 | 叫我靓仔啊 扑街 · tribute_sent a jugador 5 |
| 48:46 | 叫我靓仔啊 扑街 · tribute_sent a jugador 6 |
| 48:46 | 叫我靓仔啊 扑街 · tribute_sent a jugador 7 |
| 48:50 | marvinpalomino · wall_segment Stone Wall x6 |
| 48:51 | marvinpalomino · wall_segment Stone Wall x8 |
| 49:05 | friend00792 · age_up imperial |
[ AI ANALYSIS · 1 CREDIT ]
What really happened in this match?
Wolo.gg analyzes every decision: build order, eco, micro, common mistakes by bracket. Personalized analysis on WhatsApp or Discord in 30 seconds.
Civ guide
Ethiopians
Perfil
Jugador #11213814